Ice Dragons vs Demolitions
Created - February 9, 2021 at 20:30
Goals
|
Ice Dragons |
2 |
1 |
3 |
0 |
3 |
7 |
Demolitions |
1 |
3 |
2 |
0 |
2 |
6 |
|
Shots
|
Ice Dragons |
11 |
8 |
7 |
1 |
7 |
27 |
Demolitions |
9 |
15 |
12 |
3 |
7 |
39 |
|
1st period
1. Ice Dragons , Brandon Kozun 26 (Corban Knight 48, Billy Sweat 27) at 12:42
2. Ice Dragons , Sam Carrick 25 (William Carrier 8) at 18:26
3. Demolitions , Brandon Saad 40 (Taylor Beck 27) at 19:59 (SH)
Penalties :
Phil McRae (Vic) for Hooking (Minor) at 2:55, Seth Helgeson (Vic) for Elbowing (Minor) at 19:46
2nd period
4. Demolitions , Brandon Saad 41 (Taylor Beck 28) at 0:19 (SH)
5. Ice Dragons , Logan MacMillan 14 (Luca Sbisa 10) at 12:25
6. Demolitions , J.T. Brown 26 (Phil McRae 42) at 17:06 (PP)
7. Demolitions , Phil McRae 17 (Seth Helgeson 16) at 17:14 (PP)
Penalties :
Chet Pickard (Kin) for Slashing (Double Minor) at 17:04 - Theodor Blueger served the penalty
3rd period
8. Ice Dragons , William Carrier 11 (Sam Carrick 27, Luca Sbisa 11) at 6:55
9. Ice Dragons , Chris Wagner 7 (Kevin Connauton 38, Corban Knight 49) at 7:55 (PP)
10. Demolitions , Joel Vermin 11 (Andrej Nestrasil 28) at 13:37
11. Ice Dragons , Juho Lammikko 4 (Kevin Connauton 39, Logan MacMillan 20) at 14:30
12. Demolitions , Juuso Riikola 2 (Tommy Vannelli 8, Taylor Beck 29) at 19:23
Penalties :
Juuso Riikola (Vic) for Roughing (Minor) at 7:51
Overtime #1
No Goal
Penalties :
No Penalty
Shootout
Ice Dragons, Corban Knight - Stopped by Thatcher Demko
Demolitions, Taylor Beck - Shot Misses the Net
Ice Dragons, Billy Sweat - Goal!
Demolitions, Brandon Saad - Goal!
Ice Dragons, Billy Sweat - Shot Misses the Net
Demolitions, J.T. Brown - Stopped by Chet Pickard
Ice Dragons, Sam Carrick - Stopped by Thatcher Demko
Demolitions, Phil McRae - Stopped by Chet Pickard
Ice Dragons, Logan MacMillan - Goal!
Demolitions, Andrej Nestrasil - Goal!
Ice Dragons, William Carrier - Shot Misses the Net
Demolitions, Christoph Bertschy - Shot Misses the Net
Ice Dragons, Kevin Connauton - Goal!
Demolitions, Joshua Leivo - Shot Misses the Net
Penalties :
No Penalty
Goalie Stats
Chet Pickard (Kin), 33 saves from 39 shots - (0.846), W, 19-12-2, 65:00 minutes
Thatcher Demko (Vic), 21 saves from 27 shots - (0.778), OTL, 17-12-4, 64:38 minutes
Players Stats for Ice Dragons
Player Name G A P +/- PIM S H SB GA TA FO MP PP MP PK MP
------------------------------------------------------------------------------------
Alex Plante 0 0 0 0 0 1 0 1 0 0 0/0 18:15 1:20 0:02
Billy Sweat 0 1 1 -1 0 1 1 0 1 1 5/5 23:28 2:40 0:00
Brandon Kozun 1 0 1 -1 0 3 0 0 0 0 0/0 10:39 2:37 0:00
Chris Wagner 1 0 1 0 0 1 3 1 0 0 3/3 18:33 0:12 0:00
Corban Knight 0 2 2 -1 0 3 1 0 1 0 22/40 25:01 2:38 0:10
Emil Pettersson 0 0 0 0 0 1 0 0 0 0 3/5 11:28 0:00 0:00
Jerome Gauthier-Leduc 0 0 0 -2 0 0 0 0 0 0 0/0 11:44 2:42 0:00
Juho Lammikko 1 0 1 2 0 1 0 0 0 0 0/0 10:22 0:03 0:00
Justin Shugg 0 0 0 0 0 0 0 0 0 0 0/0 19:26 1:16 0:00
Kevin Connauton 0 2 2 -1 0 4 1 1 3 0 0/0 28:04 2:42 0:08
Logan MacMillan 1 1 2 2 0 1 2 0 0 0 0/0 21:32 0:08 0:10
Luca Sbisa 0 2 2 2 0 0 0 0 0 0 0/0 13:18 0:00 0:00
Robin Norell 0 0 0 2 0 0 0 1 0 2 0/0 13:26 0:00 0:08
Sam Carrick 1 1 2 1 0 2 1 1 0 1 3/9 19:33 1:16 0:00
Samuel Groulx 0 0 0 1 0 0 0 1 1 2 0/0 25:15 1:20 0:02
Theodor Blueger 0 0 0 1 0 0 2 0 0 0 0/3 10:38 0:00 0:00
William Carrier 1 1 2 0 0 7 5 0 0 0 0/0 19:10 1:16 0:00
Zach Trotman 0 0 0 0 0 2 0 1 2 0 0/0 19:58 0:00 0:00
Players Stats for Demolitions
Player Name G A P +/- PIM S H SB GA TA FO MP PP MP PK MP
------------------------------------------------------------------------------------
Aaron Haydon 0 0 0 0 0 0 0 0 0 0 0/0 3:17 0:00 0:00
Alex Hutchings 0 0 0 0 0 1 0 0 0 0 0/2 2:13 0:00 0:30
Andrej Nestrasil 0 1 1 0 0 1 0 1 1 0 7/11 15:50 0:00 0:00
Brandon Saad 2 0 2 2 0 6 0 1 2 1 1/2 21:00 0:00 2:40
Christoph Bertschy 0 0 0 -2 0 5 1 0 1 0 3/5 12:26 0:00 0:16
Colton Gillies 0 0 0 0 0 3 1 0 0 0 0/0 7:46 0:00 0:00
J.T. Brown 1 0 1 -1 0 5 2 0 1 0 0/2 22:24 0:10 1:03
Jaedon Descheneau 0 0 0 0 0 0 0 0 0 0 0/0 0:00 0:00 0:00
Jared Staal 0 0 0 -2 0 1 0 0 0 0 0/0 11:42 0:00 0:00
Jeremy Roy 0 0 0 0 0 0 1 0 0 0 0/0 15:17 0:00 1:31
Joel Vermin 1 0 1 0 0 3 3 0 0 1 0/0 15:50 0:00 0:00
Joshua Leivo 0 0 0 -2 0 3 2 1 0 0 0/0 11:42 0:00 0:00
Juuso Riikola 1 0 1 -1 2 1 2 1 0 1 0/0 22:02 0:00 1:27
Michael Ferland 0 0 0 0 0 0 1 0 0 0 0/1 7:46 0:00 0:00
Michael Prapavessis 0 0 0 -2 0 0 0 0 0 0 0/0 13:46 0:00 0:00
Mitch Callahan 0 0 0 0 0 1 1 0 0 0 0/0 7:58 0:00 0:00
Nikita Tryamkin 0 0 0 2 0 2 3 0 0 1 0/0 26:16 0:10 2:35
Phil McRae 1 1 2 -1 2 2 3 3 0 2 11/27 22:05 0:10 0:17
Seth Helgeson 0 1 1 0 2 0 0 0 0 0 0/0 28:12 0:10 1:04
Taylor Beck 0 3 3 1 0 3 3 0 1 1 7/15 24:28 0:10 2:40
Taylor Leier 0 0 0 0 0 0 0 0 0 0 0/0 0:53 0:00 0:38
Thomas DiPauli 0 0 0 0 0 0 0 0 0 0 0/0 0:00 0:00 0:00
Tommy Vannelli 0 1 1 -1 0 1 2 0 0 1 0/0 21:41 0:00 1:27
Tyler Graovac 0 0 0 0 0 1 0 0 0 0 0/0 1:21 0:00 0:00
3 Stars
1 - Brandon Saad (Vic)
2 - Logan MacMillan (Kin)
3 - William Carrier (Kin)
Power Play
Ice Dragons - 1 on 3 Attempt(s) - 33.33%
Demolitions - 2 on 1 Attempt(s) - 200.00%
Penalty Kill
Ice Dragons - -1 on 1 Attempt(s) - -100.00%
- Score 0 goal in Penalty Kill
Demolitions - 2 on 3 Attempt(s) - 66.67%
- Score 2 goal in Penalty Kill
Team Stat
Ice Dragons - Hits : 16 - Faceoff Wins : 36 - Blocked Shots : 7 - Penalty Minutes : 4
Demolitions - Hits : 25 - Faceoff Wins : 29 - Blocked Shots : 7 - Penalty Minutes : 6
Official
Referees : Unknown
Linesman : Unknown
Game Notes
Brandon Kozun is injured at 7:30 of 2nd period (Bruised Left Leg)
Finance
Level 1 -- Attendance: 2000 (100.00%) -- Ticket Income $26,000
Level 2 -- Attendance: 1000 (100.00%) -- Ticket Income $2,000
Total Attendance: 3000 (100.00%)
Total Ticket Income: $28,000
Other Income: $1,400
Total Income: $29,400
Ice Dragons
5 vs 5 Forward
Center Left Wing Right Wing Time % Phy DF OF
1 Corban Knight Billy Sweat Brandon Kozun 40 1 2 2
2 Sam Carrick William Carrier Justin Shugg 30 1 2 2
3 Emil Pettersson Logan MacMillan Chris Wagner 20 1 2 2
4 Theodor Blueger Logan MacMillan Juho Lammikko 10 1 2 2
5 vs 5 Defense
Defense Defense Time % Phy DF OF
1 Kevin Connauton Samuel Groulx 40 1 2 2
2 Zach Trotman Alex Plante 30 1 2 2
3 Robin Norell Luca Sbisa 20 1 2 2
4 Jerome Gauthier-Leduc Zach Trotman 10 1 2 2
PowerPlay Forward
Center Left Wing Right Wing Time % Phy DF OF
1 Corban Knight Billy Sweat Brandon Kozun 60 1 2 2
2 Sam Carrick William Carrier Justin Shugg 40 1 2 2
PowerPlay Defense
Defense Defense Time % Phy DF OF
1 Kevin Connauton Jerome Gauthier-Leduc 60 1 2 2
2 Samuel Groulx Alex Plante 40 1 2 2
Penalty Kill 4 Players Forward
Center Wing Time % Phy DF OF
1 Corban Knight Logan MacMillan 60 1 4 0
2 Billy Sweat Sam Carrick 40 1 4 0
Penalty Kill 4 Players Defense
Defense Defense Time % Phy DF OF
1 Kevin Connauton Robin Norell 60 1 4 0
2 Samuel Groulx Alex Plante 40 1 4 0
Penalty Kill - 3 Players Forward
Forward Time % Phy DF OF
1 Corban Knight 60 1 4 0
2 Logan MacMillan 40 1 4 0
Penalty Kill - 3 Players Defense
Defense Defense Time % Phy DF OF
1 Kevin Connauton Robin Norell 60 1 4 0
2 Samuel Groulx Alex Plante 40 1 4 0
4 vs 4 Forward
Center Wing Time % Phy DF OF
1 Corban Knight Logan MacMillan 60 1 2 2
2 Billy Sweat Sam Carrick 40 1 2 2
4 vs 4 Defense
Defense Defense Time % Phy DF OF
1 Kevin Connauton Jerome Gauthier-Leduc 60 1 2 2
2 Samuel Groulx Alex Plante 40 1 2 2
Last Minutes Offensive
Center Left Wing Right Wing Defense Defense
Corban Knight Billy Sweat Brandon Kozun Kevin Connauton Jerome Gauthier-Leduc
Last Minutes Defensive
Center Left Wing Right Wing Defense Defense
Corban Knight Billy Sweat Brandon Kozun Kevin Connauton Robin Norell
Goaltenders
Starting : Chet Pickard
Backup : Joacim Eriksson
Extra Forwards
Normal : Chris Wagner, Logan MacMillan, Emil Pettersson - PP : Chris Wagner, Logan MacMillan - PK : Emil Pettersson
Extra Defensemen
Normal : Zach Trotman, Jerome Gauthier-Leduc, Samuel Groulx - PP : Zach Trotman - PK : Jerome Gauthier-Leduc, Samuel Groulx
Penalty Shots
Corban Knight, Brandon Kozun, Billy Sweat, Sam Carrick, Logan MacMillan
Scratches
Thomas Gobeil (Healthy), David Shields (Healthy), Jordan LaVallee (Strained Right Elbow Injury), Alex Henriksson (Healthy), Cole Ully (Healthy)
Mario Lucia (Healthy), Phil Di Giuseppe (Healthy), Alex Lintuniemi (Healthy), Oscar Dansk (Healthy)
Demolitions
5 vs 5 Forward
Center Left Wing Right Wing Time % Phy DF OF
1 Phil McRae Taylor Beck J.T. Brown 40 1 2 2
2 Andrej Nestrasil Brandon Saad Joel Vermin 30 1 2 2
3 Christoph Bertschy Joshua Leivo Jared Staal 20 1 2 2
4 Colton Gillies Michael Ferland Mitch Callahan 10 1 2 2
5 vs 5 Defense
Defense Defense Time % Phy DF OF
1 Seth Helgeson Nikita Tryamkin 40 1 2 2
2 Juuso Riikola Tommy Vannelli 30 1 2 2
3 Michael Prapavessis Jeremy Roy 20 1 2 2
4 Aaron Haydon Seth Helgeson 10 1 2 2
PowerPlay Forward
Center Left Wing Right Wing Time % Phy DF OF
1 Phil McRae Taylor Beck J.T. Brown 60 1 2 2
2 Andrej Nestrasil Brandon Saad Joel Vermin 40 1 2 2
PowerPlay Defense
Defense Defense Time % Phy DF OF
1 Seth Helgeson Nikita Tryamkin 60 1 2 2
2 Juuso Riikola Tommy Vannelli 40 1 2 2
Penalty Kill 4 Players Forward
Center Wing Time % Phy DF OF
1 Taylor Beck Brandon Saad 60 1 2 2
2 J.T. Brown Phil McRae 40 1 2 2
Penalty Kill 4 Players Defense
Defense Defense Time % Phy DF OF
1 Seth Helgeson Nikita Tryamkin 60 1 2 2
2 Juuso Riikola Tommy Vannelli 40 1 2 2
Penalty Kill - 3 Players Forward
Forward Time % Phy DF OF
1 Taylor Beck 60 1 2 2
2 Brandon Saad 40 1 2 2
Penalty Kill - 3 Players Defense
Defense Defense Time % Phy DF OF
1 Seth Helgeson Nikita Tryamkin 60 1 2 2
2 Juuso Riikola Tommy Vannelli 40 1 2 2
4 vs 4 Forward
Center Wing Time % Phy DF OF
1 Taylor Beck Brandon Saad 60 1 2 2
2 J.T. Brown Phil McRae 40 1 2 2
4 vs 4 Defense
Defense Defense Time % Phy DF OF
1 Seth Helgeson Nikita Tryamkin 60 1 2 2
2 Juuso Riikola Tommy Vannelli 40 1 2 2
Last Minutes Offensive
Center Left Wing Right Wing Defense Defense
Phil McRae Taylor Beck J.T. Brown Seth Helgeson Nikita Tryamkin
Last Minutes Defensive
Center Left Wing Right Wing Defense Defense
Phil McRae Taylor Beck J.T. Brown Seth Helgeson Nikita Tryamkin
Goaltenders
Starting : Thatcher Demko
Backup : Brandon Halverson
Extra Forwards
Normal : Alex Hutchings, Tyler Graovac, Taylor Leier - PP : Alex Hutchings, Tyler Graovac - PK : Taylor Leier
Extra Defensemen
Normal : Michael Prapavessis, Jeremy Roy, Aaron Haydon - PP : Michael Prapavessis - PK : Jeremy Roy, Aaron Haydon
Penalty Shots
Taylor Beck, Brandon Saad, J.T. Brown, Phil McRae, Andrej Nestrasil
Scratches
Taylor Aronson (Healthy), Jake Paterson (Healthy)
% Time on Ice - Ice Dragons
Lines # - Real PCT - Wanted PCT - Time Play
Normal Forward
1 - 36% - 40% - 19:41
2 - 33% - 30% - 18:00
3 - 14% - 20% - 7:41
4 - 18% - 10% - 9:47
Normal Defense
1 - 39% - 40% - 21:21
2 - 27% - 30% - 15:07
3 - 24% - 20% - 13:18
4 - 10% - 10% - 5:23
PP Forward
1 - 69% - 60% - 2:46
2 - 31% - 40% - 1:16
PP Defense
1 - 67% - 60% - 2:42
2 - 33% - 40% - 1:20
PK Forward
1 - 100% - 60% - 0:10
2 - 0% - 40% - 0:00
PK Defense
1 - 80% - 60% - 0:08
2 - 20% - 40% - 0:02
PK3 Forward
1 - 0% - 60%
2 - 0% - 40%
PK3 Defense
1 - 0% - 60%
2 - 0% - 40%
44 Forward
1 - 79% - 60% - 3:56
2 - 21% - 40% - 1:04
44 Defense
1 - 65% - 60% - 3:14
2 - 35% - 40% - 1:46
Last Minute Offensive - 0:00
Last Minute Defensive - 0:39
Total
Forward - 65:00
Defense - 65:00
|
% Time on Ice - Demolitions
Lines # - Real PCT - Wanted PCT - Time Play
Normal Forward
1 - 35% - 40% - 19:25
2 - 30% - 30% - 16:23
3 - 21% - 20% - 11:42
4 - 14% - 10% - 7:46
Normal Defense
1 - 38% - 40% - 20:56
2 - 33% - 30% - 18:02
3 - 24% - 20% - 13:01
4 - 6% - 10% - 3:17
PP Forward
1 - 100% - 60% - 0:10
2 - 0% - 40% - 0:00
PP Defense
1 - 100% - 60% - 0:10
2 - 0% - 40% - 0:00
PK Forward
1 - 74% - 60% - 2:59
2 - 26% - 40% - 1:03
PK Defense
1 - 64% - 60% - 2:35
2 - 36% - 40% - 1:27
PK3 Forward
1 - 0% - 60%
2 - 0% - 40%
PK3 Defense
1 - 0% - 60%
2 - 0% - 40%
44 Forward
1 - 69% - 60% - 3:28
2 - 31% - 40% - 1:32
44 Defense
1 - 52% - 60% - 2:35
2 - 48% - 40% - 2:25
Last Minute Offensive - 0:32
Last Minute Defensive - 0:00
Total
Forward - 65:00
Defense - 65:00
|
Play-by-Play
1st period
0:01 of 1st period - Billy Sweat wins face-off versus J.T. Brown in neutral zone.
0:26 of 1st period - Seth Helgeson is hit by Sam Carrick and loses puck.
1:27 of 1st period - Snap shot by Logan MacMillan.
1:27 of 1st period - Shot Blocked by Juuso Riikola.
2:27 of 1st period - Snap shot by Joshua Leivo.
2:27 of 1st period - Stopped by Chet Pickard without a rebound.
2:28 of 1st period - Sam Carrick wins face-off versus Phil McRae in Ice Dragons zone.
2:28 of 1st period - Sam Carrick is hit by Taylor Beck.
2:55 of 1st period - Minor Penalty to Phil McRae for Hooking.
2:56 of 1st period - Taylor Beck wins face-off versus Corban Knight in Demolitions zone.
3:05 of 1st period - Taylor Beck is hit by Billy Sweat and loses puck.
4:17 of 1st period - J.T. Brown is hit by Corban Knight and loses puck.
4:55 of 1st period - Penalty to Phil McRae is over, Phil McRae is back on ice.
5:01 of 1st period - Logan MacMillan is hit by Phil McRae.
5:26 of 1st period - Snap shot by Phil McRae.
5:26 of 1st period - Shot Misses the Net.
5:34 of 1st period - Slapshot by Colton Gillies.
5:34 of 1st period - Stopped by Chet Pickard without a rebound.
5:35 of 1st period - Andrej Nestrasil wins face-off versus Theodor Blueger in Ice Dragons zone.
5:46 of 1st period - Slapshot by Andrej Nestrasil.
5:46 of 1st period - Stopped by Chet Pickard with a rebound.
6:13 of 1st period - Backhand shot by Colton Gillies.
6:13 of 1st period - Stopped by Chet Pickard with a rebound.
6:15 of 1st period - Wrist shot by Colton Gillies.
6:15 of 1st period - Shot Misses the Net.
6:17 of 1st period - Slapshot by Colton Gillies.
6:17 of 1st period - Stopped by Chet Pickard without a rebound.
6:18 of 1st period - Corban Knight wins face-off versus Michael Ferland in Ice Dragons zone.
6:27 of 1st period - Snap shot by Corban Knight.
6:27 of 1st period - Stopped by Thatcher Demko with a rebound.
6:43 of 1st period - Wrist shot by Mitch Callahan.
6:43 of 1st period - Stopped by Chet Pickard without a rebound.
6:44 of 1st period - Corban Knight wins face-off versus Andrej Nestrasil in Ice Dragons zone.
7:09 of 1st period - Zach Trotman is hit by Taylor Beck and loses puck.
7:40 of 1st period - Snap shot by Sam Carrick.
7:40 of 1st period - Stopped by Thatcher Demko without a rebound.
7:41 of 1st period - Andrej Nestrasil wins face-off versus Corban Knight in Demolitions zone.
8:21 of 1st period - Juuso Riikola is hit by William Carrier.
8:39 of 1st period - Logan MacMillan is hit by Christoph Bertschy.
9:27 of 1st period - Wrist shot by J.T. Brown.
9:27 of 1st period - Shot Blocked by Sam Carrick.
9:50 of 1st period - Luca Sbisa is hit by Nikita Tryamkin and loses puck.
10:36 of 1st period - Wrist shot by Phil McRae.
10:36 of 1st period - Stopped by Chet Pickard without a rebound.
10:37 of 1st period - Corban Knight wins face-off versus Andrej Nestrasil in Ice Dragons zone.
11:24 of 1st period - Slapshot by Kevin Connauton.
11:24 of 1st period - Stopped by Thatcher Demko without a rebound.
11:25 of 1st period - Emil Pettersson wins face-off versus Christoph Bertschy in Demolitions zone.
11:30 of 1st period - Snap shot by Logan MacMillan.
11:30 of 1st period - Shot Blocked by Joshua Leivo.
12:17 of 1st period - Wrist shot by Theodor Blueger.
12:17 of 1st period - Shot Misses the Net.
12:19 of 1st period - Backhand shot by Zach Trotman.
12:19 of 1st period - Stopped by Thatcher Demko without a rebound.
12:20 of 1st period - Corban Knight wins face-off versus Phil McRae in Demolitions zone.
12:28 of 1st period - Icing by Tommy Vannelli.
12:29 of 1st period - Corban Knight wins face-off versus Phil McRae in Demolitions zone.
12:32 of 1st period - Snap shot by Brandon Kozun.
12:32 of 1st period - Shot Misses the Net.
12:40 of 1st period - Snap shot by Corban Knight.
12:40 of 1st period - Stopped by Thatcher Demko with a rebound.
12:42 of 1st period - Slapshot by Brandon Kozun.
12:42 of 1st period - Goal by Brandon Kozun - Ice Dragons : 1 - Demolitions : 0.
12:43 of 1st period - Andrej Nestrasil wins face-off versus Corban Knight in neutral zone.
12:52 of 1st period - Slapshot by Andrej Nestrasil.
12:52 of 1st period - Shot Misses the Net.
12:58 of 1st period - Snap shot by Brandon Kozun.
12:58 of 1st period - Shot Misses the Net.
13:08 of 1st period - Phil McRae is hit by William Carrier and loses puck.
14:05 of 1st period - Snap shot by Brandon Kozun.
14:05 of 1st period - Stopped by Thatcher Demko with a rebound.
14:21 of 1st period - Slapshot by William Carrier.
14:21 of 1st period - Stopped by Thatcher Demko with a rebound.
14:29 of 1st period - Jerome Gauthier-Leduc is hit by Tommy Vannelli and loses puck.
14:42 of 1st period - Slapshot by Zach Trotman.
14:42 of 1st period - Shot Blocked by Phil McRae.
14:48 of 1st period - Zach Trotman is hit by Phil McRae and loses puck.
15:39 of 1st period - Slapshot by J.T. Brown.
15:39 of 1st period - Stopped by Chet Pickard without a rebound.
15:40 of 1st period - Corban Knight wins face-off versus J.T. Brown in Ice Dragons zone.
15:51 of 1st period - Slapshot by Billy Sweat.
15:51 of 1st period - Deflect By Brandon Kozun.
15:51 of 1st period - Shot Misses the Net.
15:51 of 1st period - Puck is out of play.
15:52 of 1st period - Billy Sweat wins face-off versus Andrej Nestrasil in Demolitions zone.
16:03 of 1st period - Wrist shot by Corban Knight.
16:03 of 1st period - Deflect By Brandon Saad.
16:03 of 1st period - Shot Misses the Net.
16:03 of 1st period - Puck is out of play.
16:04 of 1st period - Corban Knight wins face-off versus Phil McRae in Demolitions zone.
17:04 of 1st period - Emil Pettersson is hit by Joshua Leivo and loses puck.
17:33 of 1st period - Emil Pettersson is hit by Juuso Riikola and loses puck.
18:12 of 1st period - Snap shot by William Carrier.
18:12 of 1st period - Stopped by Thatcher Demko without a rebound.
18:13 of 1st period - Sam Carrick wins face-off versus Christoph Bertschy in Demolitions zone.
18:24 of 1st period - Snap shot by William Carrier.
18:24 of 1st period - Stopped by Thatcher Demko with a rebound.
18:26 of 1st period - Wrist shot by Sam Carrick.
18:26 of 1st period - Goal by Sam Carrick - Ice Dragons : 2 - Demolitions : 0.
18:27 of 1st period - Billy Sweat wins face-off versus Phil McRae in neutral zone.
19:45 of 1st period - Off-side.
19:46 of 1st period - Andrej Nestrasil wins face-off versus Sam Carrick in neutral zone.
19:46 of 1st period - Minor Penalty to Seth Helgeson for Elbowing.
19:47 of 1st period - Taylor Beck wins face-off versus Corban Knight in Demolitions zone.
19:53 of 1st period - Icing by Billy Sweat.
19:54 of 1st period - Taylor Beck wins face-off versus Corban Knight in Ice Dragons zone.
19:59 of 1st period - Wrist shot by Brandon Saad.
19:59 of 1st period - Goal by Brandon Saad - Ice Dragons : 2 - Demolitions : 1.
Goals for this period are 2 for Ice Dragons vs 1 for Demolitions.
Shots for this period are 11 for Ice Dragons vs 9 for Demolitions.
2nd period
0:01 of 2nd period - Corban Knight wins face-off versus Taylor Beck in neutral zone.
0:03 of 2nd period - Off-side.
0:04 of 2nd period - Taylor Beck wins face-off versus Corban Knight in neutral zone.
0:17 of 2nd period - Wrist shot by Brandon Saad.
0:17 of 2nd period - Stopped by Chet Pickard with a rebound.
0:19 of 2nd period - Snap shot by Brandon Saad.
0:19 of 2nd period - Goal by Brandon Saad - Ice Dragons : 2 - Demolitions : 2.
0:20 of 2nd period - Billy Sweat wins face-off versus Brandon Saad in neutral zone.
0:25 of 2nd period - Snap shot by Kevin Connauton.
0:25 of 2nd period - Stopped by Thatcher Demko with a rebound.
0:31 of 2nd period - Slapshot by Billy Sweat.
0:31 of 2nd period - Stopped by Thatcher Demko without a rebound.
0:32 of 2nd period - Taylor Beck wins face-off versus Corban Knight in Demolitions zone.
0:43 of 2nd period - Snap shot by Brandon Kozun.
0:43 of 2nd period - Deflect By Nikita Tryamkin.
0:43 of 2nd period - Shot Blocked by Brandon Saad.
0:43 of 2nd period - Puck is out of play.
0:44 of 2nd period - Corban Knight wins face-off versus Taylor Beck in Demolitions zone.
0:59 of 2nd period - Wrist shot by Brandon Kozun.
0:59 of 2nd period - Stopped by Thatcher Demko with a rebound.
1:17 of 2nd period - Snap shot by Sam Carrick.
1:17 of 2nd period - Deflect By J.T. Brown.
1:17 of 2nd period - Shot Blocked by Phil McRae.
1:17 of 2nd period - Puck is out of play.
1:18 of 2nd period - Taylor Beck wins face-off versus Corban Knight in Demolitions zone.
1:46 of 2nd period - Penalty to Seth Helgeson is over, Seth Helgeson is back on ice.
3:46 of 2nd period - Wrist shot by William Carrier.
3:46 of 2nd period - Stopped by Thatcher Demko without a rebound.
3:47 of 2nd period - Phil McRae wins face-off versus Sam Carrick in Demolitions zone.
5:41 of 2nd period - Snap shot by Brandon Saad.
5:41 of 2nd period - Deflect By Joel Vermin.
5:41 of 2nd period - Shot Blocked by Zach Trotman.
5:41 of 2nd period - Puck is out of play.
5:42 of 2nd period - Phil McRae wins face-off versus Sam Carrick in Ice Dragons zone.
6:31 of 2nd period - Samuel Groulx is hit by Joshua Leivo and loses puck.
6:58 of 2nd period - William Carrier is hit by Michael Ferland and loses puck.
7:29 of 2nd period - Brandon Kozun is hit by Joel Vermin and loses puck.
7:30 of 2nd period - Brandon Kozun from Ice Dragons is injured at 7:30 of 2nd period (Bruised Left Leg).
7:31 of 2nd period - Chris Wagner wins face-off versus Phil McRae in Ice Dragons zone.
7:31 of 2nd period - Chris Wagner is hit by J.T. Brown.
7:34 of 2nd period - Icing by Billy Sweat.
7:35 of 2nd period - Corban Knight wins face-off versus Phil McRae in Ice Dragons zone.
8:17 of 2nd period - Icing by Samuel Groulx.
8:18 of 2nd period - Christoph Bertschy wins face-off versus Theodor Blueger in Ice Dragons zone.
8:29 of 2nd period - Slapshot by Christoph Bertschy.
8:29 of 2nd period - Shot Misses the Net.
8:31 of 2nd period - Slapshot by Tommy Vannelli.
8:31 of 2nd period - Deflect By Christoph Bertschy.
8:31 of 2nd period - Stopped by Chet Pickard without a rebound.
8:32 of 2nd period - Phil McRae wins face-off versus Corban Knight in Ice Dragons zone.
9:31 of 2nd period - Juho Lammikko is hit by Mitch Callahan and loses puck.
9:50 of 2nd period - Wrist shot by Jared Staal.
9:50 of 2nd period - Stopped by Chet Pickard with a rebound.
9:52 of 2nd period - Wrist shot by Christoph Bertschy.
9:52 of 2nd period - Shot Misses the Net.
9:54 of 2nd period - Snap shot by Jared Staal.
9:54 of 2nd period - Shot Misses the Net.
9:56 of 2nd period - Wrist shot by Christoph Bertschy.
9:56 of 2nd period - Stopped by Chet Pickard without a rebound.
9:57 of 2nd period - Sam Carrick wins face-off versus Phil McRae in Ice Dragons zone.
10:13 of 2nd period - Snap shot by William Carrier.
10:13 of 2nd period - Stopped by Thatcher Demko without a rebound.
10:14 of 2nd period - Andrej Nestrasil wins face-off versus Corban Knight in Demolitions zone.
10:19 of 2nd period - Slapshot by Seth Helgeson.
10:19 of 2nd period - Shot Misses the Net.
10:21 of 2nd period - Slapshot by Seth Helgeson.
10:21 of 2nd period - Deflect By Brandon Saad.
10:21 of 2nd period - Stopped by Chet Pickard without a rebound.
10:22 of 2nd period - Andrej Nestrasil wins face-off versus Corban Knight in Ice Dragons zone.
11:49 of 2nd period - Tommy Vannelli is hit by William Carrier and loses puck.
12:25 of 2nd period - Slapshot by Logan MacMillan.
12:25 of 2nd period - Goal by Logan MacMillan - Ice Dragons : 3 - Demolitions : 2.
12:26 of 2nd period - Corban Knight wins face-off versus Phil McRae in neutral zone.
12:35 of 2nd period - Wrist shot by Billy Sweat.
12:35 of 2nd period - Shot Misses the Net.
12:37 of 2nd period - Slapshot by Corban Knight.
12:37 of 2nd period - Stopped by Thatcher Demko without a rebound.
12:38 of 2nd period - Taylor Beck wins face-off versus Corban Knight in Demolitions zone.
13:29 of 2nd period - Slapshot by Zach Trotman.
13:29 of 2nd period - Stopped by Thatcher Demko with a rebound.
14:21 of 2nd period - Snap shot by Brandon Saad.
14:21 of 2nd period - Deflect By Joel Vermin.
14:21 of 2nd period - Stopped by Chet Pickard without a rebound.
14:22 of 2nd period - Corban Knight wins face-off versus Taylor Beck in Ice Dragons zone.
14:29 of 2nd period - Slapshot by Taylor Beck.
14:29 of 2nd period - Shot Misses the Net.
14:47 of 2nd period - Justin Shugg is hit by Joel Vermin and loses puck.
15:08 of 2nd period - Snap shot by Christoph Bertschy.
15:08 of 2nd period - Deflect By Luca Sbisa.
15:08 of 2nd period - Stopped by Chet Pickard with a rebound.
15:10 of 2nd period - Slapshot by Juuso Riikola.
15:10 of 2nd period - Shot Misses the Net.
15:12 of 2nd period - Slapshot by Tommy Vannelli.
15:12 of 2nd period - Shot Blocked by Robin Norell.
15:14 of 2nd period - Wrist shot by Christoph Bertschy.
15:14 of 2nd period - Stopped by Chet Pickard without a rebound.
15:15 of 2nd period - Chris Wagner wins face-off versus Phil McRae in Ice Dragons zone.
15:15 of 2nd period - Chris Wagner is hit by Phil McRae.
15:27 of 2nd period - Phil McRae is hit by Chris Wagner and loses puck.
15:40 of 2nd period - Tommy Vannelli is hit by William Carrier.
16:34 of 2nd period - Snap shot by Andrej Nestrasil.
16:34 of 2nd period - Shot Blocked by Chris Wagner.
17:04 of 2nd period - Snap shot by Brandon Saad.
17:04 of 2nd period - Stopped by Chet Pickard without a rebound.
17:04 of 2nd period - Double Minor Penalty to Chet Pickard for Slashing.
17:05 of 2nd period - Phil McRae wins face-off versus Corban Knight in Ice Dragons zone.
17:06 of 2nd period - Snap shot by J.T. Brown.
17:06 of 2nd period - Goal by J.T. Brown - Ice Dragons : 3 - Demolitions : 3.
17:07 of 2nd period - Phil McRae wins face-off versus Corban Knight in neutral zone.
17:12 of 2nd period - Slapshot by Seth Helgeson.
17:12 of 2nd period - Shot Misses the Net.
17:14 of 2nd period - Wrist shot by Phil McRae.
17:14 of 2nd period - Goal by Phil McRae - Ice Dragons : 3 - Demolitions : 4.
17:15 of 2nd period - Corban Knight wins face-off versus Phil McRae in neutral zone.
18:42 of 2nd period - Wrist shot by J.T. Brown.
18:42 of 2nd period - Shot Blocked by Kevin Connauton.
18:44 of 2nd period - Snap shot by J.T. Brown.
18:44 of 2nd period - Stopped by Chet Pickard with a rebound.
19:02 of 2nd period - Slapshot by Joshua Leivo.
19:02 of 2nd period - Stopped by Chet Pickard without a rebound.
19:03 of 2nd period - Corban Knight wins face-off versus Andrej Nestrasil in Ice Dragons zone.
19:12 of 2nd period - Slapshot by Billy Sweat.
19:12 of 2nd period - Shot Misses the Net.
19:45 of 2nd period - Snap shot by Christoph Bertschy.
19:45 of 2nd period - Stopped by Chet Pickard without a rebound.
19:46 of 2nd period - Christoph Bertschy wins face-off versus Sam Carrick in Ice Dragons zone.
Goals for this period are 1 for Ice Dragons vs 3 for Demolitions.
Shots for this period are 8 for Ice Dragons vs 15 for Demolitions.
3rd period
0:01 of 3rd period - Phil McRae wins face-off versus Corban Knight in neutral zone.
0:12 of 3rd period - Snap shot by Taylor Beck.
0:12 of 3rd period - Shot Blocked by Samuel Groulx.
1:53 of 3rd period - Snap shot by Joshua Leivo.
1:53 of 3rd period - Stopped by Chet Pickard without a rebound.
1:54 of 3rd period - Christoph Bertschy wins face-off versus Theodor Blueger in Ice Dragons zone.
2:02 of 3rd period - Off-side.
2:03 of 3rd period - Corban Knight wins face-off versus Phil McRae in neutral zone.
3:02 of 3rd period - Joshua Leivo is hit by Logan MacMillan and loses puck.
3:33 of 3rd period - Jeremy Roy is hit by William Carrier and loses puck.
5:00 of 3rd period - Slapshot by Brandon Saad.
5:00 of 3rd period - Shot Blocked by Alex Plante.
5:02 of 3rd period - Wrist shot by Joel Vermin.
5:02 of 3rd period - Stopped by Chet Pickard with a rebound.
5:14 of 3rd period - Michael Prapavessis is hit by Theodor Blueger and loses puck.
6:05 of 3rd period - Brandon Saad is hit by Theodor Blueger.
6:19 of 3rd period - Snap shot by Taylor Beck.
6:19 of 3rd period - Stopped by Chet Pickard without a rebound.
6:20 of 3rd period - Phil McRae wins face-off versus Corban Knight in Ice Dragons zone.
6:37 of 3rd period - Wrist shot by Theodor Blueger.
6:37 of 3rd period - Shot Misses the Net.
6:55 of 3rd period - Snap shot by William Carrier.
6:55 of 3rd period - Goal by William Carrier - Ice Dragons : 4 - Demolitions : 4.
6:56 of 3rd period - Emil Pettersson wins face-off versus Phil McRae in neutral zone.
6:59 of 3rd period - Wrist shot by Chris Wagner.
6:59 of 3rd period - Shot Misses the Net.
7:07 of 3rd period - Snap shot by Emil Pettersson.
7:07 of 3rd period - Stopped by Thatcher Demko without a rebound.
7:08 of 3rd period - Phil McRae wins face-off versus Corban Knight in Demolitions zone.
7:51 of 3rd period - Minor Penalty to Juuso Riikola for Roughing.
7:52 of 3rd period - Corban Knight wins face-off versus Taylor Beck in Demolitions zone.
7:53 of 3rd period - Slapshot by Kevin Connauton.
7:53 of 3rd period - Stopped by Thatcher Demko with a rebound.
7:55 of 3rd period - Wrist shot by Chris Wagner.
7:55 of 3rd period - Goal by Chris Wagner - Ice Dragons : 5 - Demolitions : 4.
7:56 of 3rd period - Chris Wagner wins face-off versus Phil McRae in neutral zone.
8:05 of 3rd period - Snap shot by J.T. Brown.
8:05 of 3rd period - Stopped by Chet Pickard with a rebound.
8:48 of 3rd period - Jared Staal is hit by Logan MacMillan and loses puck.
9:04 of 3rd period - Jerome Gauthier-Leduc is hit by Colton Gillies and loses puck.
9:29 of 3rd period - Snap shot by J.T. Brown.
9:29 of 3rd period - Shot Misses the Net.
9:31 of 3rd period - Wrist shot by Phil McRae.
9:31 of 3rd period - Shot Misses the Net.
9:46 of 3rd period - Wrist shot by Brandon Saad.
9:46 of 3rd period - Stopped by Chet Pickard without a rebound.
9:47 of 3rd period - Phil McRae wins face-off versus Sam Carrick in Ice Dragons zone.
9:48 of 3rd period - Snap shot by J.T. Brown.
9:48 of 3rd period - Stopped by Chet Pickard without a rebound.
9:49 of 3rd period - Phil McRae wins face-off versus Sam Carrick in Ice Dragons zone.
10:51 of 3rd period - Slapshot by Alex Plante.
10:51 of 3rd period - Stopped by Thatcher Demko with a rebound.
10:53 of 3rd period - Wrist shot by William Carrier.
10:53 of 3rd period - Stopped by Thatcher Demko with a rebound.
11:21 of 3rd period - Joel Vermin is hit by Chris Wagner and loses puck.
11:36 of 3rd period - Snap shot by William Carrier.
11:36 of 3rd period - Shot Misses the Net.
12:36 of 3rd period - Wrist shot by Samuel Groulx.
12:36 of 3rd period - Shot Blocked by Andrej Nestrasil.
13:26 of 3rd period - Billy Sweat is hit by Joel Vermin and loses puck.
13:37 of 3rd period - Slapshot by Andrej Nestrasil.
13:37 of 3rd period - Deflect By Joel Vermin.
13:37 of 3rd period - Goal by Joel Vermin - Ice Dragons : 5 - Demolitions : 5.
13:38 of 3rd period - Phil McRae wins face-off versus Emil Pettersson in neutral zone.
13:43 of 3rd period - Slapshot by Seth Helgeson.
13:43 of 3rd period - Shot Misses the Net.
13:45 of 3rd period - Wrist shot by Taylor Beck.
13:45 of 3rd period - Stopped by Chet Pickard with a rebound.
13:47 of 3rd period - Wrist shot by Taylor Beck.
13:47 of 3rd period - Stopped by Chet Pickard with a rebound.
13:49 of 3rd period - Wrist shot by Phil McRae.
13:49 of 3rd period - Shot Misses the Net.
13:51 of 3rd period - Slapshot by Nikita Tryamkin.
13:51 of 3rd period - Stopped by Chet Pickard without a rebound.
13:52 of 3rd period - Corban Knight wins face-off versus Phil McRae in Ice Dragons zone.
14:24 of 3rd period - Wrist shot by Juho Lammikko.
14:24 of 3rd period - Shot Blocked by Phil McRae.
14:26 of 3rd period - Snap shot by Logan MacMillan.
14:26 of 3rd period - Shot Misses the Net.
14:28 of 3rd period - Slapshot by Kevin Connauton.
14:28 of 3rd period - Shot Misses the Net.
14:30 of 3rd period - Snap shot by Juho Lammikko.
14:30 of 3rd period - Goal by Juho Lammikko - Ice Dragons : 6 - Demolitions : 5.
14:31 of 3rd period - Andrej Nestrasil wins face-off versus Emil Pettersson in neutral zone.
15:19 of 3rd period - Jared Staal is hit by Kevin Connauton and loses puck.
16:03 of 3rd period - Slapshot by Seth Helgeson.
16:03 of 3rd period - Shot Misses the Net.
18:58 of 3rd period - Theodor Blueger is hit by Taylor Beck and loses puck.
19:01 of 3rd period - Demolitions, Thatcher Demko is pulled from the net.
19:19 of 3rd period - Snap shot by Taylor Beck.
19:19 of 3rd period - Shot Misses the Net.
19:21 of 3rd period - Slapshot by Tommy Vannelli.
19:21 of 3rd period - Stopped by Chet Pickard with a rebound.
19:23 of 3rd period - Slapshot by Juuso Riikola.
19:23 of 3rd period - Goal by Juuso Riikola - Ice Dragons : 6 - Demolitions : 6.
19:23 of 3rd period - Thatcher Demko from Demolitions was sent back in the game.
19:24 of 3rd period - Emil Pettersson wins face-off versus Phil McRae in neutral zone.
19:51 of 3rd period - Zach Trotman is hit by Jeremy Roy and loses puck.
Goals for this period are 3 for Ice Dragons vs 2 for Demolitions.
Shots for this period are 7 for Ice Dragons vs 12 for Demolitions.
Overtime #1
0:01 of 1st overtime period - Corban Knight wins face-off versus Taylor Beck in neutral zone.
0:04 of 1st overtime period - Slapshot by Kevin Connauton.
0:04 of 1st overtime period - Stopped by Thatcher Demko with a rebound.
0:08 of 1st overtime period - Wrist shot by Logan MacMillan.
0:08 of 1st overtime period - Shot Misses the Net.
0:10 of 1st overtime period - Slapshot by Kevin Connauton.
0:10 of 1st overtime period - Shot Misses the Net.
0:12 of 1st overtime period - Slapshot by Kevin Connauton.
0:12 of 1st overtime period - Deflect By Corban Knight.
0:12 of 1st overtime period - Shot Misses the Net.
0:12 of 1st overtime period - Puck is out of play.
0:13 of 1st overtime period - Corban Knight wins face-off versus Taylor Beck in Demolitions zone.
0:23 of 1st overtime period - Off-side.
0:24 of 1st overtime period - Brandon Saad wins face-off versus Corban Knight in neutral zone.
0:27 of 1st overtime period - Snap shot by Nikita Tryamkin.
0:27 of 1st overtime period - Shot Misses the Net.
1:05 of 1st overtime period - Wrist shot by Emil Pettersson.
1:05 of 1st overtime period - Shot Misses the Net.
1:17 of 1st overtime period - Slapshot by Nikita Tryamkin.
1:17 of 1st overtime period - Stopped by Chet Pickard without a rebound.
1:18 of 1st overtime period - Corban Knight wins face-off versus Taylor Beck in Ice Dragons zone.
1:41 of 1st overtime period - Kevin Connauton is hit by J.T. Brown and loses puck.
2:10 of 1st overtime period - Samuel Groulx is hit by Juuso Riikola and loses puck.
2:34 of 1st overtime period - Nikita Tryamkin is hit by Chris Wagner.
2:38 of 1st overtime period - Jerome Gauthier-Leduc is hit by Nikita Tryamkin and loses puck.
3:06 of 1st overtime period - Wrist shot by Alex Hutchings.
3:06 of 1st overtime period - Deflect By Tyler Graovac.
3:06 of 1st overtime period - Stopped by Chet Pickard with a rebound.
3:08 of 1st overtime period - Snap shot by Alex Hutchings.
3:08 of 1st overtime period - Stopped by Chet Pickard without a rebound.
3:09 of 1st overtime period - Billy Sweat wins face-off versus Alex Hutchings in Ice Dragons zone.
3:31 of 1st overtime period - Icing by Jeremy Roy.
3:32 of 1st overtime period - Corban Knight wins face-off versus Alex Hutchings in Demolitions zone.
3:52 of 1st overtime period - Icing by Corban Knight.
3:53 of 1st overtime period - Corban Knight wins face-off versus Taylor Beck in Ice Dragons zone.
3:53 of 1st overtime period - Corban Knight is hit by Nikita Tryamkin.
4:39 of 1st overtime period - Slapshot by Phil McRae.
4:39 of 1st overtime period - Shot Misses the Net.
4:52 of 1st overtime period - Emil Pettersson is hit by Tommy Vannelli and loses puck.
Goals for this period are 0 for Ice Dragons vs 0 for Demolitions.
Shots for this period are 1 for Ice Dragons vs 3 for Demolitions.
ShootOut
5:00 of 1st overtime period - Round #1.
5:00 of 1st overtime period - Ice Dragons, Corban Knight.
5:00 of 1st overtime period - Backhand shot by Corban Knight.
5:00 of 1st overtime period - Stopped by Thatcher Demko.
5:00 of 1st overtime period - Demolitions, Taylor Beck.
5:00 of 1st overtime period - Wrist shot by Taylor Beck.
5:00 of 1st overtime period - Shot Misses the Net.
5:00 of 1st overtime period - Round #2.
5:00 of 1st overtime period - Ice Dragons, Billy Sweat.
5:00 of 1st overtime period - Wrist shot by Billy Sweat.
5:00 of 1st overtime period - Goal by Billy Sweat.
5:00 of 1st overtime period - Demolitions, Brandon Saad.
5:00 of 1st overtime period - Deke by Brandon Saad.
5:00 of 1st overtime period - Goal by Brandon Saad.
5:00 of 1st overtime period - Round #3.
5:00 of 1st overtime period - Ice Dragons, Billy Sweat.
5:00 of 1st overtime period - Wrist shot by Billy Sweat.
5:00 of 1st overtime period - Shot Misses the Net.
5:00 of 1st overtime period - Demolitions, J.T. Brown.
5:00 of 1st overtime period - Deke by J.T. Brown.
5:00 of 1st overtime period - Stopped by Chet Pickard.
5:00 of 1st overtime period - Round #4.
5:00 of 1st overtime period - Ice Dragons, Sam Carrick.
5:00 of 1st overtime period - Deke by Sam Carrick.
5:00 of 1st overtime period - Stopped by Thatcher Demko.
5:00 of 1st overtime period - Demolitions, Phil McRae.
5:00 of 1st overtime period - Snap shot by Phil McRae.
5:00 of 1st overtime period - Stopped by Chet Pickard.
5:00 of 1st overtime period - Round #5.
5:00 of 1st overtime period - Ice Dragons, Logan MacMillan.
5:00 of 1st overtime period - Deke by Logan MacMillan.
5:00 of 1st overtime period - Goal by Logan MacMillan.
5:00 of 1st overtime period - Demolitions, Andrej Nestrasil.
5:00 of 1st overtime period - Snap shot by Andrej Nestrasil.
5:00 of 1st overtime period - Goal by Andrej Nestrasil.
5:00 of 1st overtime period - Round #6.
5:00 of 1st overtime period - Ice Dragons, William Carrier.
5:00 of 1st overtime period - Wrist shot by William Carrier.
5:00 of 1st overtime period - Shot Misses the Net.
5:00 of 1st overtime period - Demolitions, Christoph Bertschy.
5:00 of 1st overtime period - Deke by Christoph Bertschy.
5:00 of 1st overtime period - Shot Misses the Net.
5:00 of 1st overtime period - Round #7.
5:00 of 1st overtime period - Ice Dragons, Kevin Connauton.
5:00 of 1st overtime period - Deke by Kevin Connauton.
5:00 of 1st overtime period - Goal by Kevin Connauton.
5:00 of 1st overtime period - Demolitions, Joshua Leivo.
5:00 of 1st overtime period - Wrist shot by Joshua Leivo.
5:00 of 1st overtime period - Shot Misses the Net.